 Dungeon Sprint DCSS version 0.29-a0-577-gafbf2c5d25 (webtiles) character file.

Game seed: 11825745643331380228

22 mhtbhm the Caller (level 2, 0/13 HPs)
             Began as a Vine Stalker Summoner on June 13, 2022.
             Slain by a wolf (4 damage)
             ... in the Dungeon (Sprint III: "The Ten Rune Challenge") on June 14, 2022.
             The game lasted 00:02:07 (481 turns).

mhtbhm the Caller (Vine Stalker Summoner)            Turns: 481, Time: 00:02:08

Health: 0/13       AC:  2    Str: 10    XL:     2   Next: 91%
Magic:  0/7        EV: 12    Int: 15    God:
Gold:   0          SH:  0    Dex: 14    Spells: 4/7 levels left

rFire   . . .      SeeInvis .   (no weapon)
rCold   . . .      Faith    .   (no shield)
rNeg    . . .      Spirit   +   a - +0 robe
rPois   .          Reflect  .   (no helmet)
rElec   .          Harm     .   (no cloak)
rCorr   .          Rampage  .   (no gloves)
Will    .....      NoTele   +   (no boots)
Stlth   ++........              (no amulet)
HPRegen 0.04/turn               (no ring)
MPRegen 0.10/turn               (no ring)

@: hasted, very quick
A: fangs 2, magic shield, antimagic bite, no potion heal 2
a: no special abilities


You were in the Dungeon.
You visited 1 branch

Inventory:

Armour
 a - a +0 robe (worn)
Scrolls
 f - a scroll of blinking
 g - a scroll of identify {unknown}
Potions
 b - 3 potions of magic
 c - a potion of curing


   Skills:
 + Level 2.0 Dodging
 + Level 2.8 Stealth
 + Level 0.3 Unarmed Combat
 + Level 3.0 Spellcasting
 + Level 6.1 Summonings


You had 4 spell levels left.
You knew the following spells:

 Your Spells              Type           Power      Damage    Failure   Level
a - Summon Small Mammal   Summ           80%        N/A       1%          1
b - Call Imp              Summ           20%        N/A       2%          2

Your spell library contained the following spells:

 Spells                   Type           Power      Damage    Failure   Level
 Call Canine Familiar     Summ           20%        N/A       4%          3
 Summon Guardian Golem    Hex/Summ       11%        N/A       17%         3
 Summon Lightning Spire   Summ/Air       11%        N/A       50%         4


Dungeon Overview and Level Annotations

Branches:
Dungeon (1/1)

Altars:


Innate Abilities, Weirdness & Mutations

You have extremely sharp teeth.
When hurt, damage is shared between your health and your magic reserves.
Your bite disrupts and absorbs the magic of your enemies.
Potions cannot restore your health.


Message History

You are exhausted.
You feel yourself slow down.
You start resting.
Magic restored.
You start resting.
You feel yourself speed up.
You start resting.
You recover from your berserk rage.
You start resting.
There is an open door here.
You start resting.
You start resting.
HP restored.
Memorise Call Imp, consuming 2 spell levels and leaving 4?
You start memorising the spell.
You continue memorising. x2
You finish memorising.
Spell assigned to 'b'.
A wolf comes into view.
Casting: Summon Small Mammal (safe; 1% risk of failure)
Confirm with . or Enter, or press ? or * to list all spells.
A beastly little devil appears in a puff of flame.
The wolf howls!
Casting: Call Imp (safe; 2% risk of failure)
Confirm with . or Enter, or press ? or * to list all spells.
A beastly little devil appears in a puff of flame.
Your crimson imp disappears in a puff of smoke!
Unknown command.
Casting: Call Imp (safe; 2% risk of failure)
Confirm with . or Enter, or press ? or * to list all spells.
A beastly little devil appears in a puff of flame.
Your crimson imp disappears in a puff of smoke!
The wolf bites you!
Ouch! That really hurt!
Unknown command.
You swap places.
The wolf bites your crimson imp.
The wolf barely misses your crimson imp.
Your crimson imp blinks!
The wolf barely misses you.
Your crimson imp blinks!
You feel yourself speed up. The wolf bites you.
You die...

▓#'####....♣♣
▓.....#...5≈♣♣
▓.....#...≈≈.♣♣
▓....(#..≈≈≈≈.♣♣.
▓####÷#..≈≈≈≈≈≈.♣
▓.....#.≈≈≈≈≈≈...
▓.....#.≈≈≈≈≈....
▓.....#h≈≈≈......
▓'#####@.........
▓................
▓▓▓▓▓▓▓▓▓▓▓▓▓▓▓▓▓


You could see a wolf (ally target) and a friendly crimson imp (summoned).

Vanquished Creatures
  A human (D)
1 creature vanquished.

Vanquished Creatures (collateral kills)
  2 endoplasms (D)
  2 rats (D)
4 creatures vanquished.

Grand Total: 5 creatures vanquished

Notes
Turn   | Place    | Note
-------+----------+-------------------------------------------
     0 | D        | mhtbhm the Vine Stalker Summoner began the quest for the
                  | Orb.
     0 | D        | Reached XP level 1. HP: 9/9 MP: 4/4
   310 | D        | Reached skill level 6 in Summonings
   310 | D        | Reached XP level 2. HP: 9/13 MP: 4/7
   468 | D        | Learned a level 2 spell: Call Imp
   481 | D        | Slain by a wolf

Illustrated notes

Levels and vault maps discovered:
D:        dungeon_sprint_mu [sprint_mu_entry_forest, sprint_mu_temple_rooms,
          sprint_mu_d1_spiders, sprint_mu_d2_genie, sprint_mu_d3_branching,
          sprint_mu_orc_legion, sprint_mu_elf_gauntlet, sprint_mu_hive_nellie,
          sprint_mu_lair_fedhas, sprint_mu_vaults_butterflies,
          sprint_mu_slime_circle, sprint_mu_shoals_archi,
          sprint_mu_snake_twists, sprint_mu_blade_basic,
          sprint_mu_crypt_fortress, sprint_mu_tomb_spiral,
          sprint_mu_vestibule_basic, sprint_mu_gehenna_hellfire,
          sprint_mu_dis_giant, sprint_mu_tartarus_statrot,
          sprint_mu_cocytus_islands, sprint_mu_zot1]

Skill      XL: |  1 |
---------------+----+-----
Dodging        | 2 |  2.0
Spellcasting   | 3 |  3.0
Summonings     | 6 |  6.1
Stealth        | |  2.8
Unarmed Combat | |  0.3

Action                   || total
-------------------------++-------
Melee: Unarmed           ||     8
       Bite              ||     1
 Cast: Summon Small Mamm ||     8
       Call Imp          ||     3
  Use: Potion            ||     2
Armor: Robe              ||     1
Dodge: Dodged            ||     6

Table legend: (Time is in decaauts)
 A = Elapsed time spent in this place.
 B = Non-inter-level travel time spent in this place.
 C = Inter-level travel time spent in this place.
 D = Time resting spent in this place.
 E = Time spent auto-exploring this place.
 F = Levels seen in this place.
 G = Mean time per level.
                   A        B        C        D        E       F      G
               +--------+--------+--------+--------+--------+-----+--------+
         Total |    492 |    492 |      0 |    390 |      0 |   1 |  492.0 |
       Dungeon |    492 |    492 |      0 |    390 |      0 |   1 |  492.0 |
               +--------+--------+--------+--------+--------+-----+--------+

Top non-repeatable levels by time:
       D: 492 daAuts
